 Dungeon Crawl Stone Soup version 0.28.0-62-gf88900778d (webtiles) character file.

Game seed: 5256686694168705447

21273 tkbsonic5 the Nimble (level 13, -4/101 HPs)
             Began as a Djinni Fire Elementalist on Sept 22, 2023.
             Was a High Priest of Ashenzari.
             Slain by a komodo dragon (10 damage)
             ... on level 2 of the Lair of Beasts on Nov 4, 2023.
             The game lasted 01:17:24 (16370 turns).

tkbsonic5 the Nimble (Djinni Fire Elementalist)    Turns: 16370, Time: 01:17:24

Health: -4/101     AC:  8    Str: 13    XL:     13   Next: 18%
Gold:   262        EV: 19    Int: 21    God:    Ashenzari [*****.] SH:  9 Dex: 15

rFire   + + +      SeeInvis +   n - +3 scimitar of Ouranomancy {freeze, Melee, Evo} (curse)
rCold   . . .      Faith    .   K - +1 kite shield {rN+}
rNeg    + . .      Spirit   .   F - +2 robe of Cremastomancy {rC+ rF+, "Aurora D(ee) Raynes", Self, Evo} (curse)
rPois   ∞          Reflect  .   k - +1 helmet "Stars of the Sky" {Melee, Range} (curse)
rElec   .          Harm     .   s - +0 cloak "Share My Stickiness" {Cun, Range} (curse)
rCorr   .          Rampage  .   e - +0 pair of gloves "Yoke of the Heavens" {Evo, Cun} (curse)
Will    +....      Clarity  +   (boots unavailable)
Stlth   +++.......              (no amulet)
HPRegen 0.26/turn               i - ring of Ashenzari's Ordeal {Str+6, Cun, Range} (curse)
MPRegen 0.00/turn               D - ring of the Fated Soothsayer {SInv, Evo, Melee} (curse)

@: flying, studying Dodging
A: sickness immunity, fire resistance 2, cold vulnerability 1, float, innate
caster, HP casting, extra vitality 1
a: Renounce Religion, Curse Item, Shatter the Chains


You were on level 2 of the Lair of Beasts.
You worshipped Ashenzari.
Ashenzari was extremely pleased with you.
You visited 3 branches of the dungeon, and saw 14 of its levels.

You collected 796 gold pieces.
You spent 534 gold pieces at shops.

Inventory:

Hand Weapons
 d - a +2 war axe of flaming
 n - the cursed +3 scimitar of Ouranomancy (weapon) {freeze, Melee, Evo}
   (You took it off a wight on level 6 of the Dungeon)

   It freezes those it strikes, dealing additional cold damage.
   It can also slow down cold-blooded creatures.
   It has a curse which improves the following skills: Melee Combat: Short
   Blades, Long Blades, Axes, Maces & Flails, Polearms, Staves and Unarmed
   Combat.
   Evocations: Evocations.
 q - a +2 scimitar of flaming
 t - a +4 trident of venom
 w - a +1 longbow
 C - a +0 bardiche of pain
 H - a +1 trident of holy wrath
 I - a +0 vorpal war axe
 P - a +3 great sword
 Y - a +2 short sword of draining
 Z - a +0 fustibalus
Missiles
 f - 83 bolts
 l - 189 arrows
 u - 6 curare-tipped darts
 x - 28 poisoned darts
 J - a boomerang
Armour
 a - a +0 robe {(^Pyromancer, Alice)}
 e - the cursed +0 pair of gloves "Yoke of the Heavens" (worn) {Evo, Cun}
   (You found it on level 3 of the Dungeon)

   It has a curse which improves the following skills: Evocations: Evocations.
   Cunning:   Dodging and Stealth.
 k - the cursed +1 helmet "Stars of the Sky" (worn) {Melee, Range}
   (You took it off Robin on level 2 of the Dungeon)

   It has a curse which improves the following skills: Melee Combat: Short
   Blades, Long Blades, Axes, Maces & Flails, Polearms, Staves and Unarmed
   Combat.
   Ranged Combat: Slings, Bows, Crossbows and Throwing.
 s - the cursed +0 cloak "Share My Stickiness" (worn) {Cun, Range}
   (You found it on level 4 of the Dungeon)

   It has a curse which improves the following skills: Cunning: Dodging and
   Stealth.
   Ranged Combat: Slings, Bows, Crossbows and Throwing.
 F - the cursed +2 robe of Cremastomancy (worn) {rC+ rF+, "Aurora D(ee) Raynes", Self, Evo}
   (You took it off Psyche on level 8 of the Dungeon)

   It has a curse which improves the following skills: Introspection: Fighting
   and Spellcasting.
   Evocations: Evocations.
 G - a +0 cloak
 K - a +1 kite shield of positive energy (worn)
 N - +0 acid dragon scales
 R - a +0 robe of cold resistance
 S - a +2 robe of willpower
Magical Staves
 g - a staff of poison
Jewellery
 b - a ring of resist corrosion
 c - a ring of protection from cold
 i - the cursed ring of Ashenzari's Ordeal (left hand) {Str+6, Cun, Range}
   (You found it on level 2 of the Dungeon)

   [ring of strength]

   Str:       It affects your strength (+6).
   It has a curse which improves the following skills: Cunning: Dodging and
   Stealth.
   Ranged Combat: Slings, Bows, Crossbows and Throwing.
 D - the cursed ring of the Fated Soothsayer (right hand) {SInv, Evo, Melee}
   (You found it on level 7 of the Dungeon)

   [ring of see invisible]

   SInv:      It lets you see invisible.
   It has a curse which improves the following skills: Evocations: Evocations.
   Melee Combat: Short Blades, Long Blades, Axes, Maces & Flails, Polearms,
   Staves and Unarmed Combat.
 E - a ring of wizardry
 Q - a ring of fire
 T - a ring of positive energy
 X - the ring "Qocrid" {Will+ Int+4 Dex+6}
   (You took it off an orc wizard on level 10 of the Dungeon)

   [ring of dexterity]

   Int:       It affects your intelligence (+4).
   Dex:       It affects your dexterity (+6).
   Will:      It increases your willpower.
Wands
 p - a wand of paralysis (7)
 M - a wand of flame (9)
 O - a wand of mindburst (9)
 U - a wand of iceblast (3)
Scrolls
 m - a scroll of summoning
 r - 4 scrolls of blinking
 y - a scroll of magic mapping
 B - 2 scrolls of amnesia
 L - a scroll of fog
 V - 4 scrolls of teleportation
Potions
 h - 2 potions of curing
 j - 2 potions of brilliance
 o - a potion of mutation
 v - 3 potions of berserk rage
 z - 7 potions of flight
 A - 3 potions of cancellation


   Skills:
 * Level 9.8(12.1) Fighting
 - Level 3.6(8.3) Short Blades
 + Level 5.3(10.0) Long Blades
 - Level 3.2(7.0) Polearms
 - Level 5.2(9.5) Bows
 + Level 1.9(5.0) Throwing
 * Level 0.2 Armour
 + Level 12.9(17.4) Dodging
 - Level 1.5(4.4) Stealth
 * Level 1.1 Shields
 - Level 0.1(0.8) Unarmed Combat
 * Level 8.1(10.4) Spellcasting
 + Level 7.5(12.9) Evocations


You couldn't memorise any spells.
You knew the following spells:

 Your Spells              Type           Power      Damage    Failure   Level
a - Foxfire               Conj/Fire      100%       2x1d9     1%          1
b - Scorch                Fire           100%       2d10      1%          2
c - Conjure Flame         Conj/Fire      53%        6-21      1%          3
d - Inner Flame           Hex/Fire       53%        N/A       1%          3
e - Flame Wave            Conj/Fire      53%        2d11      2%          4
f - Sandblast             Erth           100%       2d20      1%          1
g - Wereblood             Tmut           53%        N/A       1%          2
h - Stone Arrow           Conj/Erth      100%       3d13      1%          3
i - Dispel Undead         Necr           53%        3d19      2%          4
j - Silence               Hex/Air        26%        N/A       8%          5
k - Agony                 Necr           53%        N/A       8%          5
Your spell library was empty.

Dungeon Overview and Level Annotations

Branches:
Dungeon (11/15)            Temple (1/1) D:6            Lair (2/6) D:9
    Orc (0/2) D:10
  Swamp: Lair:2-4    Shoals: Lair:2-4     Snake: Lair:2-4    Spider: Lair:2-4

Altars:
Ashenzari
Cheibriados
Elyvilon
Fedhas
Hepliaklqana
Kikubaaqudgha
Makhleb
Okawaru
Qazlal
Ru
Sif Muna
Uskayaw
Vehumet
Wu Jian
Xom
Yredelemnul
Zin
The Shining One

Shops:
D:10 [[*=   D:11 =*

Annotations:
D:6 2 runed translucent doors
D:8 1 runed translucent door, cbfl8's ghost, novice MiBe


Innate Abilities, Weirdness & Mutations

You are immune to sickness and miasma.
You are immune to poison.
Your flesh is very heat resistant. (rF++)
You are vulnerable to cold. (rC-)
You float through the air rather than walking.
You learn spells naturally, not from books.
Your magical power is your life essence.
You have superior vitality. (+4 MHP)


Message History

The flame wave engulfs the cane toad!
The cane toad is lightly wounded.
The flame wave engulfs the fungus!
The fungus is moderately damaged.
You finish channelling waves of flame.
You block the komodo dragon's attack.
Your Shields skill increases to level 1!
Casting: Flame Wave (mildly dangerous; 2% risk of failure)
Confirm with . or Enter, or press ? or * to list all spells.
Casting: Flame Wave (mildly dangerous; 2% risk of failure)
Press: ? - help, Dir - look around, f - activate A wave of flame ripples out!
The flame wave engulfs the komodo dragon!
The komodo dragon is severely wounded. (Press . to intensify the flame waves.)
The cane toad stings you but does no damage.
The komodo dragon barely misses you.
Unknown command.
A wave of flame ripples out!
The flame wave engulfs the komodo dragon!
The komodo dragon is almost dead.
The flame wave engulfs the cane toad!
The cane toad is moderately wounded.
The flame wave engulfs the cane toad!
The cane toad is heavily wounded.
The ice encasing you melts away.
A nearby fungus withers and dies.
The cane toad closely misses you. The komodo dragon misses you.
Unknown command.
A wave of flame ripples out!
The flame wave engulfs the cane toad.
The cane toad is heavily wounded.
The flame wave engulfs the komodo dragon but does no damage.
The komodo dragon is almost dead.
The flame wave engulfs the cane toad!
The cane toad is heavily wounded.
You finish channelling waves of flame.
The cane toad stings you!!
* * * LOW HITPOINT WARNING * * *
The cane toad stings you!!
* * * LOW HITPOINT WARNING * * *
The komodo dragon bites you!
You die...

,*, , ,,, * ** ,
,,,** , , ,, .....*
.., , ,, , *
....#**#>. , *, * ∆
,...#*#...,, ,,* *
* * *,...##...., ,
,* ,, * ###......
,, , *
,,,*########......,
,,,,,,* ,
,........F.F#... ,,
, * , ,
*........l@.##..,
,, * * *
...........####, ,
** ,* *
............####
{,,, * *
,............#.##,
..$..........###* ,
* ,, *
.............###*,
, , *
.............###
*,**** , ,,
*..............## ,
*.............[###
*


You could see a komodo dragon and 2 cane toads.

Vanquished Creatures
  Snorg (D:10)
  A hydra (D:11)
  2 boulder beetles (D:11)
  Erica (D:8)
  2 two-headed ogres
  A tengu warrior (D:10)
  Sonja (D:10)
  A skeletal warrior (D:10)
  A deep elf pyromancer (D:10)
  2 manticores
  An ugly thing (D:10)
  A cyclops (D:11)
  A kobold demonologist (D:10)
  2 unseen horrors
  Psyche (D:8)
  A komodo dragon (Lair:1)
  A rime drake (Lair:2)
  4 trolls
  Prince Ribbit (D:5)
  Grinder (D:5)
  A vampire (D:10)
  2 shadows
  20 yaks
  2 wraiths (D:10)
  2 wyverns
  2 basilisks (Lair:1)
  3 vampire mosquitoes
  2 wargs (D:9)
  An acid dragon (D:9)
  5 water moccasins
  An ice beast (D:7)
  3 black bears (D:7)
  6 orc warriors
  3 centaurs
  5 necrophages
  5 wolves (Lair:1)
  2 phantoms (D:6)
  2 kobold brigands
  A bullfrog (D:9)
  3 gnoll sergeants
  2 scorpions (D:6)
  A wyvern skeleton (D:7)
  A water moccasin skeleton (D:7)
  A killer bee (D:10)
  11 wights
  An electric eel (D:11)
  A howler monkey (D:10)
  6 centaur zombies
  A bullfrog skeleton (D:6)
  A gnoll shaman (D:10)
  An orc priest (D:5)
  A hound (D:6)
  A jelly (D:4)
  A centaur skeleton (D:7)
  An iguana (D:5)
  Terence (D:3)
  Natasha (thrice) (D:2)
  8 orc wizards
  3 mummies
  A howler monkey zombie (D:10)
  Robin (D:2)
  A howler monkey skeleton (D:5)
  3 adders
  19 gnolls
  A white imp (D:8)
  4 worms
  2 dart slugs (D:1)
  17 orcs
  6 endoplasms
  3 giant cockroaches
  3 hobgoblins
  3 quokkas
  11 ball pythons
  6 bats
  12 goblins
  10 kobolds
  6 rats
253 creatures vanquished.

Vanquished Creatures (collateral kills)
  2 foxfires (D:10)
2 creatures vanquished.

Vanquished Creatures (others)
  404 foxfires
  3 fungi
  4 plants
  2 withered plants (D:10)
413 creatures vanquished.

Grand Total: 668 creatures vanquished

Notes
Turn   | Place    | Note
-------+----------+-------------------------------------------
     0 | D:1      | tkbsonic5 the Djinni Fire Elementalist began the quest for
                  | the Orb.
     0 | D:1      | Reached XP level 1. HP: 15/15 MP: 0/0
   317 | D:1      | Reached XP level 2. HP: 18/22 MP: 0/0
   621 | D:1      | Reached skill level 1 in Fighting
   787 | D:1      | Reached XP level 3. HP: 23/27 MP: 0/0
   787 | D:1      | Learned a level 1 spell: Sandblast
  1236 | D:2      | Noticed Natasha
  1238 | D:2      | Killed Natasha
  1239 | D:2      | Reached skill level 1 in Short Blades
  1239 | D:2      | Reached XP level 4. HP: 10/32 MP: 0/0
  1282 | D:2      | Reached skill level 3 in Dodging
  1303 | D:2      | Noticed Robin
  1312 | D:2      | Killed Robin
  1487 | D:2      | Noticed Natasha
  1490 | D:2      | Killed Natasha
  1491 | D:2      | Reached XP level 5. HP: 31/38 MP: 0/0
  1491 | D:2      | Learned a level 2 spell: Wereblood
  1667 | D:2      | Noticed Natasha
  1679 | D:2      | Killed Natasha
  1784 | D:2      | Identified the ring "Wajol" {Ice rElec rN+ Will-}
  1883 | D:2      | Found a faded altar of an unknown god.
  2177 | D:3      | Found a glowing drain.
  2181 | D:3      | Noticed Terence
  2194 | D:3      | Killed Terence
  2202 | D:3      | Reached XP level 6. HP: 30/45 MP: 0/0
  3731 | D:5      | Entered Level 5 of the Dungeon
  3747 | D:5      | Noticed a necrophage
  3760 | D:5      | Killed a necrophage
  3761 | D:5      | Reached skill level 4 in Dodging
  3833 | D:5      | Reached XP level 7. HP: 46/50 MP: 0/0
  3833 | D:5      | Learned a level 3 spell: Stone Arrow
  4039 | D:5      | Noticed Prince Ribbit
  4043 | D:5      | Killed Prince Ribbit
  4044 | D:5      | Reached skill level 1 in Evocations
  4154 | D:5      | Found a snail-covered altar of Cheibriados.
  4581 | D:5      | Noticed Grinder
  4634 | D:5      | Killed Grinder
  4635 | D:5      | Reached XP level 8. HP: 54/58 MP: 0/0
  5182 | D:6      | Identified a scroll of acquirement
  5182 | D:6      | Acquired a manual of Dodging
  5293 | D:6      | Found a large runed translucent door.
  5294 | D:6      | Found a large runed translucent door.
  5335 | D:6      | Reached skill level 5 in Dodging
  5394 | D:6      | Found a staircase to the Ecumenical Temple.
  5399 | Temple   | Entered the Ecumenical Temple
  5735 | Temple   | Became a worshipper of Ashenzari the Shackled
  5986 | D:6      | Reached skill level 5 in Fighting
  6179 | D:6      | Reached XP level 9. HP: 59/65 MP: 0/0
  6179 | D:6      | Learned a level 4 spell: Dispel Undead
  6235 | D:6      | Reached skill level 6 in Dodging
  6345 | D:6      | Reached skill level 1 in Long Blades
  6477 | D:6      | Reached skill level 5 in Spellcasting
  6747 | D:6      | Found a basalt altar of Yredelemnul.
  7364 | D:7      | Noticed a troll
  7387 | D:7      | Killed a troll
  7388 | D:7      | Reached skill level 7 in Dodging
  7465 | D:7      | Reached skill level 1 in Bows
  7795 | D:7      | Reached * piety under Ashenzari
  8294 | D:8      | Noticed Psyche
  8305 | D:8      | Killed Psyche
  8306 | D:8      | Reached XP level 10. HP: 48/73 MP: 0/0
  8512 | D:8      | Noticed cbfl8's ghost (novice MiBe)
  8513 | D:8      | Found a runed translucent door.
  8560 | D:8      | Reached ** piety under Ashenzari
  8665 | D:8      | Noticed Erica
  8672 | D:8      | Killed Erica
  8673 | D:8      | Reached skill level 1 in Polearms
  8673 | D:8      | Reached skill level 8 in Dodging
  8771 | D:8      | Noticed a two-headed ogre
  8786 | D:8      | Killed a two-headed ogre
  8989 | D:9      | Reached skill level 9 in Dodging
  9389 | D:9      | Reached *** piety under Ashenzari
  9405 | D:9      | Found a staircase to the Lair.
  9570 | D:9      | Found a stormy altar of Qazlal.
  9784 | D:9      | Noticed a manticore
  9792 | D:9      | Killed a manticore
  9793 | D:9      | Reached XP level 11. HP: 49/79 MP: 0/0
  9793 | D:9      | Learned a level 5 spell: Silence
 10239 | D:10     | Entered Level 10 of the Dungeon
 10462 | D:10     | Found Daleigusm's General Store.
 10487 | D:10     | Bought a potion of curing for 39 gold pieces
 10487 | D:10     | Bought a scroll of fear for 45 gold pieces
 10529 | D:10     | Noticed a two-headed ogre
 10534 | D:10     | Killed a two-headed ogre
 10535 | D:10     | Reached skill level 10 in Dodging
 10535 | D:10     | Reached skill level 5 in Evocations
 10658 | D:10     | Found Bisuyteal's Armour Boutique.
 10658 | D:10     | Found a staircase to the Orcish Mines.
 10667 | D:10     | Noticed Snorg
 10714 | D:10     | Killed Snorg
 11000 | D:10     | Found Fonug's Jewellery Shoppe.
 11417 | D:10     | Identified the ring "Qocrid" {Will+ Int+4 Dex+6}
 11560 | D:10     | Reached skill level 11 in Dodging
 11696 | D:10     | Noticed Sonja
 11699 | D:10     | Killed Sonja
 11991 | D:10     | Noticed a red ugly thing
 12000 | D:10     | Killed a red ugly thing
 12001 | D:10     | Reached XP level 12. HP: 47/88 MP: 0/0
 12075 | D:10     | Noticed a tengu warrior
 12082 | D:10     | Noticed a skeletal warrior
 12085 | D:10     | Killed a tengu warrior
 12144 | D:10     | Killed a skeletal warrior
 12145 | D:10     | Reached skill level 5 in Bows
 12311 | D:10     | Reached skill level 1 in Throwing
 12718 | D:10     | Reached **** piety under Ashenzari
 12874 | D:10     | Found Juif's Armour Boutique.
 13222 | D:11     | Noticed a boulder beetle
 13244 | D:11     | Killed a boulder beetle
 13245 | D:11     | Reached skill level 12 in Dodging
 13617 | D:11     | Noticed a five-headed hydra
 13624 | D:11     | Killed a five-headed hydra
 14005 | D:11     | Reached ***** piety under Ashenzari
 14173 | D:11     | Found Joeqid's Jewellery Boutique.
 14183 | D:11     | Bought a ring of wizardry for 450 gold pieces
 14452 | D:11     | Noticed a boulder beetle
 14461 | D:11     | Killed a boulder beetle
 14539 | D:11     | Found Uklosios's Fire Supplies.
 14764 | Lair:1   | Entered Level 1 of the Lair of Beasts
 15250 | Lair:1   | Reached skill level 5 in Long Blades
 15250 | Lair:1   | Reached XP level 13. HP: 73/100 MP: 0/0
 15250 | Lair:1   | Learned a level 5 spell: Agony
 16368 | Lair:2   | Reached skill level 1 in Shields
 16370 | Lair:2   | Slain by a komodo dragon

Illustrated notes

Levels and vault maps discovered:
D:1:      psy_arrival_statuary, layout_rooms, chequers_serial_rivers_micro_d,
          hangedman_abyss_or_decor_lesser_grid
D:2:      layout_loops_ring, shapermc_ecumenical_altar_totnotflames, uniq_robin,
          uniq_natasha
D:3:      layout_basic, cheibrodos_sewer_entry_sluice, uniq_terence
D:4:      layout_cave_pools
D:5:      layout_basic, slow_altar_1, kennysheep_generic_room_8,
          uniq_prince_ribbit1, uniq_grinder
D:6:      layout_loops_corners, mainiacjoe_overflow_six_doors_small,
          jmf_multi_god_temple2, temple_pool_b, chequers_ossuary_entry_cave,
          nicolae_zen_rock_garden, eino_tiny_chamber
D:7:      layout_basic, kennysheep_mini
D:8:      layout_basic, hellmonk_ghost_happy_afterlife, uniq_psyche, uniq_erica
D:9:      layout_irregular_city, nicolae_qazlal_eye_of_the_storm,
          erik_lair_orcish_takeover
D:10:     minmay_imperfect_grid, layout_irregular_city, orc_david_3,
          serial_undead, serial_undead_d, serial_undead_b, serial_undead_d,
          serial_undead_b, serial_shops, nicolae_shop_advertising_works
          [nicolae_subvault_shop_adworks], nicolae_stop_n_shop_1, shop,
          uniq_sonja, uniq_snorg
D:11:     layout_basic, serial_shops, nicolae_lakefront_shop,
          nicolae_shop_fire_sale [nicolae_sub_dead_trees]
Temple:   eino_temple_rhombus
Lair:1:   layout_cave_pods
Lair:2:   layout_cave_pods

Skill      XL: |  1  2  3  4  5  6  7  8  9 10 11 12 13 |
---------------+----------------------------------------+-----
Fighting       | 1 2 3 4 5 6 7 8 9 |  9.8
Short Blades   | 1 2 3 |  3.6
Dodging        | 3 4 5 7 9 11 12 | 12.9
Spellcasting   | 3 4 5 6 7 8 |  8.1
Evocations     | 2 4 6 7 |  7.5
Long Blades    | 2 3 5 |  5.3
Bows           | 2 3 4 5 |  5.2
Polearms       | 2 3 |  3.2
Throwing       | 1 |  1.9
Shields        | 1 |  1.1
Armour         | |  0.2
Stealth        | |  1.5
Unarmed Combat | |  0.1

Action                   |  1- 3 |  4- 6 |  7- 9 | 10-12 | 13-15 || total
-------------------------+-------+-------+-------+-------+-------++-------
Melee: Short sword       |       |    15 |       |     6 |       ||    21
       Scimitar          |       |       |     2 |   100 |     7 ||   109
       Punch             |       |       |       |     2 |       ||     2
       Dagger            |       |       |       |    15 |       ||    15
       Trident           |       |       |       |    15 |       ||    15
 Fire: Shortbow          |       |       |    23 |    21 |       ||    44
       Longbow           |       |       |     2 |    52 |       ||    54
Throw: Dart              |       |       |       |    29 |     8 ||    37
 Cast: Foxfire           |    42 |    55 |    96 |    77 |       ||   270
       Scorch            |     9 |    36 |    56 |    89 |       ||   190
       Inner Flame       |     1 |     5 |     7 |    15 |       ||    28
       Conjure Flame     |     1 |     2 |    13 |    14 |       ||    30
       Wereblood         |       |     5 |     1 |     4 |     1 ||    11
       Stone Arrow       |       |       |     5 |    46 |    23 ||    74
       Dispel Undead     |       |       |     2 |    13 |       ||    15
       Flame Wave        |       |       |       |     9 |     8 ||    17
       Silence           |       |       |       |     2 |       ||     2
Invok: Curse Item        |       |       |     2 |     5 |       ||     7
Evoke: Wand              |       |     1 |     6 |    25 |       ||    32
  Use: Scroll            |       |     2 |     8 |     9 |       ||    19
       Potion            |       |     2 |     2 |     5 |     2 ||    11
 Stab: Paralysed         |       |       |       |    11 |       ||    11
       Sleeping          |       |       |       |     3 |       ||     3
Armor: Animal skin       |       |     3 |     4 |     1 |       ||     8
       Robe              |       |       |       |    26 |     2 ||    28
Dodge: Dodged            |       |    12 |    11 |   142 |    21 ||   186
Block: Kite shield       |       |       |       |       |     6 ||     6
